 Dungeon Crawl Stone Soup version 0.25.1-2-g60ff931df9 (webtiles) character file.

Game seed: 4579933841363308936

7354 dreq the Spear-Bearer (level 10, -9/90 HPs)
             Began as a Minotaur Berserker on Nov 19, 2020.
             Was a High Priest of Trog.
             Killed from afar by an orc priest (11 damage)
             ... with a bolt of acid
             ... on level 10 of the Dungeon.
             The game lasted 00:17:07 (8829 turns).

dreq the Spear-Bearer (Minotaur Berserker)          Turns: 8829, Time: 00:17:08

Health: -9/90      AC: 10    Str: 33    XL:     10   Next: 91%
Magic:  18/18      EV: 14    Int:  4    God:    Trog [*****.]
Gold:   510        SH: 17    Dex: 16    Spells: 9/9 levels left

rFire    + . .     SeeInvis .   x - +2 rapier of the Fray {drain, +Blink Str+5}
rCold    x x .     Gourm    .   k - +4 kite shield
rNeg     . . .     Faith    .   u - +5 ring mail of the Maze {+Fly rC- Str+2 Dex+7}
rPois    .         Spirit   .   (helmet restricted)
rElec    .         Reflect  .   q - +2 cloak
rCorr    .         Harm     .   (no gloves)
MR       .....                  (no boots)
Stlth    +.........             j - amulet of the acrobat
HPRegen  0.25/turn              p - ring of fire
MPRegen  0.16/turn              f - ring of magical power

@: corroded
A: retaliatory headbutt, horns 2
a: Berserk, Trog's Hand, Brothers in Arms, Renounce Religion, Evoke Blink, Evoke
Flight


You were on level 10 of the Dungeon.
You worshipped Trog.
Trog was extremely pleased with you.
You were not hungry.

You visited 1 branch of the dungeon, and saw 10 of its levels.
You also visited: Ossuary.

You collected 510 gold pieces.

Inventory:

Hand Weapons
 x - the +2 rapier of the Fray (weapon) {drain, +Blink Str+5}
   (You found it on level 8 of the Dungeon)

   A truly terrible weapon, it drains the life of those it strikes.
   It affects your strength (+5).
   It lets you blink.
Armour
 k - a +4 kite shield (worn)
 q - a +2 cloak (worn)
 u - the +5 ring mail of the Maze (worn) {+Fly rC- Str+2 Dex+7}
   (You found it on level 4 of the Dungeon)

   It affects your strength (+2).
   It affects your dexterity (+7).
   It makes you vulnerable to cold.
   It lets you fly.
Jewellery
 f - a ring of magical power (right hand)
 j - an amulet of the acrobat (around neck)
 p - a ring of fire (left hand)
 s - an uncursed ring of poison resistance {unknown}
 y - an uncursed ring of ice
Wands
 b - a wand of iceblast (10)
 r - a wand of random effects (19)
Scrolls
 g - a scroll of blinking
 h - 2 scrolls of identify
 i - 8 scrolls of teleportation
 l - 5 scrolls of remove curse
 v - a scroll of enchant armour
 w - a scroll of acquirement {unknown}
Potions
 d - 2 potions of haste
 e - 4 potions of heal wounds
 m - a potion of might
 n - 6 potions of curing
 o - 2 potions of berserk rage
 t - a potion of cancellation
Comestibles
 a - a chunk of flesh
 c - 11 rations


   Skills:
 + Level 8.5 Fighting
 + Level 2.4 Short Blades
   Level 6.2 Maces & Flails
   Level 11.0 Polearms
 + Level 7.2 Armour
 + Level 6.2 Dodging
 + Level 2.2 Stealth
 + Level 9.4 Shields


You had 9 spell levels left.
You didn't know any spells.
Your spell library was empty.

Dungeon Overview and Level Annotations

Branches:
Dungeon (9/15)             Temple (0/1) D:6         Ossuary (visited)
   Lair: D:8-11         Orc: D:9-12

Altars:
Okawaru
Qazlal
Trog
Uskayaw
Vehumet

Shops:
D:4 %   D:6 ?


Innate Abilities, Weirdness & Mutations

You reflexively headbutt those who attack you in melee.
You have a pair of horns on your head.


Message History

Trog accepts your kill.
An orc priest comes into view.
It is wielding a +0 mace and carrying a wand of acid (7).
The orc priest shouts!
You hear a shout!
The orc priest invokes the aid of Beogh against you.
Beogh smites you!
Items here: $ [ | † an uncursed staff of poison; a +0 ring mail; 11 gold pieces; an orc corpse The orc priest looks braver for a moment.
The orc priest zaps a wand.
The bolt of acid hits you!
* * * LOW HITPOINT WARNING * * *
The acid corrodes you!
You are splashed with acid!
* * * LOW HITPOINT WARNING * * *
Items here: $ [ | † an uncursed staff of poison; a +0 ring mail; 11 gold pieces; an orc corpse You block the orc priest's attack.
You closely miss the orc priest. You completely miss the orc priest.
You headbutt the orc priest, but do no damage.
The orc priest zaps a wand.
The bolt of acid hits you!
You die...

...##.. .........
......... .........
........# .......#
#....#####
..##..).o@|.#
........###.#
......%.###.####
....##...))....###.#
... ##...#####.....#
.........# #.#####
........# #....#
...)....# #.##.#
........#####.##.#


You could see an orc priest.

Vanquished Creatures
  Fannar (D:10)
  A two-headed ogre (D:8)
  Pikel (D:8)
  Joseph (D:7)
  Prince Ribbit (D:7)
  Grinder (D:4)
  A wraith (D:10)
  Sigmund (D:6)
  A soldier ant (D:10)
  2 sky beasts
  3 phantoms
  2 black bears
  3 orc warriors (D:10)
  3 ogres
  3 centaurs
  6 bullfrogs
  A gnoll sergeant (D:8)
  A wyvern zombie (D:6)
  4 scorpions
  17 killer bees
  2 howler monkeys
  3 crimson imps
  A centaur zombie (D:5)
  A centaur skeleton (D:7)
  4 jellies
  7 orc priests
  4 hounds
  A bullfrog skeleton (D:3)
  4 iguanas
  Natasha (thrice) (D:4)
  9 orc wizards
  2 worker ants
  4 big kobold zombies (Ossuary)
  A hound zombie (D:7)
  7 mummies
  A worker ant zombie (D:6)
  7 gnolls
  9 adders
  3 oozes
  An adder skeleton (D:4)
  A worm (D:3)
  5 dart slugs
  8 leopard geckos
  26 orcs
  7 giant cockroaches
  11 goblins
  8 hobgoblins
  10 jackals
  10 kobolds
  3 quokkas
  A ball python (D:2)
  12 bats
  4 frilled lizards
  3 hobgoblin zombies (Ossuary)
  3 quokka skeletons
  10 rats
250 creatures vanquished.

Vanquished Creatures (others)
  An orc priest (D:10)
  An orc (D:10)
  A goblin (D:10)
3 creatures vanquished.

Grand Total: 253 creatures vanquished

Notes
Turn   | Place    | Note
-------+----------+-------------------------------------------
     0 | D:1      | dreq the Minotaur Berserker began the quest for the Orb.
     0 | D:1      | Reached XP level 1. HP: 19/19 MP: 0/0
   300 | D:1      | Reached XP level 2. HP: 27/27 MP: 1/1
   529 | D:1      | Reached ** piety under Trog
   529 | D:1      | Reached XP level 3. HP: 21/33 MP: 2/2
  1186 | D:2      | Found a bloodstained altar of Trog.
  1187 | D:2      | Found a stormy altar of Qazlal.
  1349 | D:2      | Noticed a phantom
  1375 | D:2      | Killed a phantom
  1375 | D:2      | Reached skill level 5 in Maces & Flails
  1375 | D:2      | Reached XP level 4. HP: 12/41 MP: 3/3
  1375 | D:2      | Reached XP level 5. HP: 14/47 MP: 4/4
  1630 | D:2      | Reached skill level 5 in Fighting
  1630 | D:2      | Reached skill level 1 in Shields
  2316 | D:3      | Reached *** piety under Trog
  2462 | D:3      | Reached XP level 6. HP: 56/56 MP: 5/5
  3287 | D:4      | Reached skill level 2 in Polearms
  3329 | D:4      | Noticed Natasha
  3339 | D:4      | Killed Natasha
  3347 | D:4      | Noticed Natasha
  3350 | D:4      | Killed Natasha
  3357 | D:4      | Noticed Natasha
  3361 | D:4      | Killed Natasha
  3361 | D:4      | Reached XP level 7. HP: 55/61 MP: 6/6
  3432 | D:4      | Noticed Grinder
  3444 | D:4      | Killed Grinder
  3444 | D:4      | Reached skill level 3 in Polearms
  3444 | D:4      | Reached skill level 1 in Stealth
  3637 | D:4      | Reached skill level 4 in Polearms
  3642 | D:4      | Reached **** piety under Trog
  3750 | D:4      | Found an iron altar of Okawaru.
  3779 | D:4      | Reached skill level 5 in Polearms
  3796 | D:4      | Reached XP level 8. HP: 70/70 MP: 7/7
  3827 | D:4      | Found Duipaig's Food Shoppe.
  4223 | D:4      | Got a warped ring mail
  4234 | D:4      | Identified the +5 ring mail of the Maze {+Fly rC- Str+2
                  | Dex+7} (You found it on level 4 of the Dungeon)
  4263 | D:5      | Entered Level 5 of the Dungeon
  4316 | D:5      | Reached skill level 6 in Polearms
  5132 | D:6      | Reached skill level 5 in Shields
  5155 | D:6      | Found a staircase to the Ecumenical Temple.
  5166 | D:6      | Found Kunyssuo's Magic Scroll Shop.
  5186 | D:6      | Noticed Sigmund
  5193 | D:6      | Killed Sigmund
  5193 | D:6      | Reached skill level 7 in Polearms
  5251 | D:6      | Reached skill level 5 in Armour
  5381 | D:6      | Reached skill level 8 in Polearms
  5384 | D:6      | Reached XP level 9. HP: 78/78 MP: 8/8
  5780 | D:6      | Found a bloodstained altar of Trog.
  5934 | D:7      | Noticed Prince Ribbit
  5943 | D:7      | Found a sand-covered staircase.
  5955 | D:7      | Noticed Joseph
  5967 | D:7      | Killed Prince Ribbit
  5970 | Ossuary  | Entered an ossuary
  5980 | Ossuary  | Reached ***** piety under Trog
  6214 | Ossuary  | Reached skill level 9 in Polearms
  6298 | D:7      | Killed Joseph
  6501 | D:7      | Reached skill level 5 in Dodging
  7222 | D:8      | Found a hide-covered altar of Uskayaw.
  7224 | D:8      | Found a radiant altar of Vehumet.
  7252 | D:8      | Noticed a two-headed ogre
  7263 | D:8      | Killed a two-headed ogre
  7263 | D:8      | Reached skill level 10 in Polearms
  7263 | D:8      | Reached XP level 10. HP: 27/88 MP: 9/9
  7917 | D:8      | Noticed Pikel
  7923 | D:8      | Killed Pikel
  8076 | D:8      | Reached skill level 11 in Polearms
  8156 | D:8      | Got a steaming rapier
  8157 | D:8      | Identified the +2 rapier of the Fray {drain, +Blink Str+5}
                  | (You found it on level 8 of the Dungeon)
  8231 | D:9      | You fall into a shaft and drop 1 floor!
  8231 | D:10     | Entered Level 10 of the Dungeon
  8387 | D:10     | Reached skill level 1 in Short Blades
  8678 | D:10     | Received a gift from Trog
  8681 | D:10     | Noticed Fannar
  8724 | D:10     | Killed Fannar
  8826 | D:10     | HP: 2/90 [acid (15)]
  8829 | D:10     | Killed from afar by an orc priest

Illustrated notes

Levels and vault maps discovered:
D:1:      dpeg_arrival_arbitrary_a, layout_basic, chequers_serial_rivers_micro_a
D:2:      layout_basic, grunt_temple_overflow_open, grunt_ministairs_12
D:3:      minmay_evil_eye, layout_loops_ring, first_ration, serial_aquarium,
          aquarium_bridge_straight [aquarium_subvault_bridge,
          aquarium_subvault_window, aquarium_subvault_bridge,
          aquarium_subvault_balcony], aquarium_window_fake,
          aquarium_window_fake, aquarium_view_2d, aquarium_pool_side
D:4:      layout_loops_ring, serial_shops, shop, okawaru_altar_gauntlet_db,
          uniq_grinder, uniq_natasha
D:5:      layout_layer_cave
D:6:      layout_gridville, minmay_temple_entry_mini_moons, serial_shops, shop,
          trog_book, uniq_sigmund
D:7:      layout_cave_pools, gup_ossuary_entry_pyramid, uniq_prince_ribbit1,
          uniq_joseph
D:8:      layout_loops_ring, nicolae_overflow_hidden_temple, uniq_pikel
D:9:      layout_loops_ring, grunt_lair_entry_orc_guard_hut
D:10:     layout_loops_ring, erik_orc_4, uniq_fannar

Skill      XL: |  1  2  3  4  5  6  7  8  9 10 |
---------------+-------------------------------+-----
Maces & Flails | 4 5 6 |  6.2
Fighting       | 4 5 6 7 8 |  8.5
Dodging        | 3 5 6 |  6.2
Shields        | 1 2 3 5 7 9 |  9.4
Armour         | 3 4 5 6 7 |  7.2
Polearms       | 2 5 8 10 11 | 11.0
Stealth        | 1 2 |  2.2
Short Blades   | 2 |  2.4

Action                   |  1- 3 |  4- 6 |  7- 9 | 10-12 || total
-------------------------+-------+-------+-------+-------++-------
Melee: Mace              |    98 |   121 |       |       ||   219
       Headbutt          |    17 |    20 |    60 |    46 ||   143
       Trident           |       |    37 |   302 |    72 ||   411
       Rapier            |       |       |       |   101 ||   101
Invok: Berserk           |       |       |     1 |     2 ||     3
  Use: Scroll            |       |       |    20 |     2 ||    22
       Potion            |       |       |       |     2 ||     2
 Stab: Sleeping          |       |     1 |     1 |     1 ||     3
  Eat: Chunk             |     1 |     7 |     8 |     6 ||    22
       Ration            |       |       |     2 |       ||     2
Armor: Animal skin       |    20 |     3 |       |       ||    23
       Chain mail        |       |    55 |    21 |       ||    76
       Ring mail         |       |       |    41 |    30 ||    71
Dodge: Dodged            |    75 |    41 |   100 |    53 ||   269
Block: Kite shield       |    13 |    85 |   177 |   145 ||   420
